 Dungeon Crawl Stone Soup version 0.31.0-11-ge490571c62 (webtiles) character file.

Game seed: 5186323725375575388

18160 ProzacElf the Unseen (level 12, -5/60 HPs)
             Began as a Spriggan Berserker on Jan 26, 2024.
             Was a High Priest of Trog.
             Slain by a black mamba (11 damage)
             ... on level 2 of the Lair of Beasts.
             The game lasted 00:33:45 (16426 turns).

ProzacElf the Unseen (Spriggan Berserker)          Turns: 16426, Time: 00:33:46

Health: -5/60      AC:  5    Str: 21    XL:     12   Next: 25%
Magic:  13/13      EV: 19    Int: 10    God:    Trog [*****.]
Gold:   797        SH:  5    Dex: 16    Spells: 11/11 levels left

rFire   . . .        b - +4 quick blade (flame)
rCold   . . .        h - +0 buckler
rNeg    . . .        s - +1 robe of Vines {NoPotionHeal Regen++++}
rPois   .            (helmet restricted)
rElec   .            H - +1 cloak {Will+}
rCorr   +            (gloves unavailable)
SInv    +            (boots unavailable)
Will    +++..        k - amulet of the acrobat
Stlth   ++++++       q - +6 ring of strength
HPRegen 3.50/turn    z - ring of resist corrosion
MPRegen 0.13/turn

%: acrobat
@: studying Shapeshifting, very quick
A: very small, no large weapons, unfitting armour, see invisible, speed 3
a: Renounce Religion, Berserk, Trog's Hand, Brothers in Arms


You were on level 2 of the Lair of Beasts.
You worshipped Trog.
Trog was extremely pleased with you.
You visited 3 branches of the dungeon, and saw 14 of its levels.

You collected 797 gold pieces.

Inventory:

Hand Weapons
 a - a +3 short sword of venom
 b - a +4 quick blade of flaming (weapon)
 e - the +7 flail "Cyiweim" {flame, Will++ Str+2}
   (You took it off an orc on level 8 of the Dungeon)

   Str+2:     It affects your strength (+2).
   Will++:    It greatly increases your willpower.
 J - a +4 scimitar of freezing
 Z - a +0 scimitar of flaming
Missiles
 v - 39 poisoned darts (quivered)
 K - 21 boomerangs
Armour
 h - a +0 buckler (worn)
 r - a +0 robe of fire resistance
 s - the +1 robe of Vines (worn) {NoPotionHeal Regen++++}
   (You found it on level 1 of the Lair of Beasts)

   NoPotionHeal: Its wearer cannot be healed by potions.
   Regen++++: It increases your rate of health regeneration.
 F - a +2 robe
 H - a +1 cloak of willpower (worn)
 Q - +0 steam dragon scales
Jewellery
 k - an amulet of the acrobat (around neck)
 q - a +6 ring of strength (left hand)
 x - a ring of protection from fire
 z - a ring of resist corrosion (right hand)
Talismans
 L - a maw talisman
 P - a blade talisman
 T - a serpent talisman
Wands
 E - a wand of mindburst (26)
 V - a wand of roots (6)
 W - a wand of acid (6)
 X - a wand of polymorph (5)
Scrolls
 c - 3 scrolls of teleportation
 f - 3 scrolls of noise
 i - a scroll of immolation
 j - 2 scrolls of poison
 l - a scroll of fear
 n - a scroll of blinking
 p - a scroll of silence
 y - a scroll of vulnerability
 D - a scroll of revelation
 M - a scroll of enchant weapon
 U - 2 scrolls of enchant armour {unknown}
Potions
 d - a potion of curing
 g - 2 potions of heal wounds
 m - a potion of mutation
 o - 2 potions of resistance
 t - 4 potions of might
 u - a potion of berserk rage
 w - 2 potions of ambrosia {!e}
 A - a potion of cancellation {unknown}
 C - a potion of haste
 G - a potion of enlightenment
 O - a potion of invisibility


   Skills:
 - Level 5.0 Fighting
 + Level 10.8 Short Blades
 - Level 5.0 Throwing
 - Level 5.0 Dodging
 - Level 15.0 Stealth
 - Level 5.0 Shields
 - Level 10.0 Evocations
 + Level 12.1 Shapeshifting


You had 11 spell levels left.
You didn't know any spells.
Your spell library was empty.

Dungeon Overview and Level Annotations

Branches:
Dungeon (11/15)            Temple (1/1) D:4            Lair (2/5) D:11
    Orc (0/2) D:9
  Swamp: Lair:2-3    Shoals: Lair:2-3     Snake: Lair:2-3    Spider: Lair:2-3

Altars:
Ashenzari
Cheibriados
Dithmenos
Elyvilon
Fedhas
Gozag
Hepliaklqana
Kikubaaqudgha
Makhleb
Nemelex Xobeh
Okawaru
Qazlal
Ru
Sif Muna
Trog
Uskayaw
Vehumet
Wu Jian
Xom
Yredelemnul
Zin
The Shining One

Shops:
D:3 =   D:4 [


Innate Abilities, Weirdness & Mutations

You are very small and have problems with some larger weapons.
You are too small for most types of armour.
You have supernaturally acute eyesight. (SInv)
You cover ground extremely quickly. (Speed+++)


Message History

Ye feel very sick.
Ye block tha black mamba's attack.
Ye take 2 damage, an' haf 32/60 hp.
Ye barely miss tha black mamba.
Ye miss tha black mamba.
Tha black mamba be moderately wounded.
Ye feel very sick.
Tha black mamba closely misses ye.
Tha yak gores ye!
Ye take 10 damage, an' haf 22/60 hp.
Ye be too injured ta fight recklessly!
Ye be too injured ta fight recklessly!
Ye be too injured ta fight recklessly!
Ye hit tha black mamba.
Ye burn tha black mamba.
Ye barely miss tha black mamba.
Tha black mamba be moderately wounded.
Ye feel very sick.
Tha black mamba closely misses ye.
Tha yak gores ye.
Ye take 1 damage, an' haf 21/60 hp.
Ye closely miss tha black mamba.
Ye hit tha black mamba.
Ye burn tha black mamba.
Tha black mamba be moderately wounded.
Ye feel sick.
Tha black mamba bites ye.
* * * LOW HITPOINT WARNIN'
* * * Ye be more poison'd.
Tha black mamba poisons ye!
Ye block tha black mamba's attack.
Tha yak closely misses ye.
Ye take 5 damage, an' haf 16/60 hp.
Yer system rejects tha healin'.
Ye feel better.
Tha black mamba barely misses ye.
Tha black mamba bites ye!
* * * LOW HITPOINT WARNIN'
* * * Ye be poison'd.
Tha black mamba poisons ye!
Tha yak gores ye!
* * * LOW HITPOINT WARNIN'
* * * Ye take 12 damage, an' haf 4/60 hp.
* * * LOW HITPOINT WARNIN'
* * * Ye feel very sick.
Tha black mamba attacks as it pursues ye!
Ye block tha black mamba's attack.
Ye take 2 damage, an' haf 2/60 hp.
Yer system rejects tha healin'.
Ye feel better.
Tha black mamba bites ye!
Ye die...

# #......... P
#...<.....## #.
##..........# #.
#...........# .####.#
####.......>.#
#.P.P..###.##.........##
........................
..#.##@P##...........#.
#S#####....<.....# #†Y#
#...)...)..## #..##
##..........# ##..
#....>.....## #.##
#P.........# ..#
##..........# P.#
#.........## P..
#..........#


You could see a black mamba and a yak.

Vanquished Creatures
  Snorg (D:10)
  2 hydras (Lair:1)
  2 boulder beetles
  A two-headed ogre (D:10)
  2 cyclopes
  An oklob plant (Lair:1)
  2 gargoyles (D:11)
  3 komodo dragons (Lair:1)
  An efreet (D:10)
  A troll (D:11)
  2 polar bears
  3 hornets
  3 blink frogs (Lair:1)
  Grinder (D:5)
  A shadow (D:11)
  A human (D:9)
  Eustachio (D:5)
  16 yaks
  2 wyverns
  An unseen horror simulacrum (D:9)
  A steam dragon (D:8)
  4 vampire mosquitoes (D:10)
  A warg (D:9)
  3 water moccasins
  8 orc warriors
  3 ice beasts
  A centaur (D:9)
  4 wolves
  An ogre (D:8)
  3 kobold brigands
  Blork the orc (D:5)
  5 bullfrogs
  A gnoll sergeant (D:8)
  4 scorpions
  11 wights
  17 killer bees
  2 electric eels (D:11)
  4 howler monkeys
  2 jellies
  19 orc priests
  2 hounds
  Jessica (D:2)
  2 sleepcaps
  Natasha (twice) (D:2)
  5 iguanas
  15 orc wizards
  A centaur simulacrum (D:9)
  9 adders
  7 gnolls
  2 white imps
  A howler monkey simulacrum (D:9)
  An ufetubus (D:9)
  A ribbon worm (D:3)
  69 orcs
  3 endoplasms
  7 giant cockroaches
  6 goblins
  8 hobgoblins
  5 jackals
  A quokka (D:2)
  2 ball pythons
  3 bats
  28 kobolds
  3 rats
326 creatures vanquished.

Notes
Turn   | Place    | Note
-------+----------+-------------------------------------------
     0 | D:1      | ProzacElf the Spriggan Berserker began the quest for the
                  | Orb.
     0 | D:1      | Reached XP level 1. HP: 11/11 MP: 2/2
    34 | D:1      | Found a faded altar of an unknown god.
    94 | D:1      | Reached skill level 1 in Stealth
   286 | D:1      | Reached XP level 2. HP: 16/16 MP: 3/3
   826 | D:2      | Reached skill level 2 in Stealth
   906 | D:2      | Reached XP level 3. HP: 18/19 MP: 4/4
  1251 | D:2      | Found a broken altar of Ashenzari.
  1252 | D:2      | Noticed Jessica
  1285 | D:2      | Killed Jessica
  1285 | D:2      | Reached ** piety under Trog
  1286 | D:2      | Reached skill level 3 in Stealth
  1362 | D:2      | Noticed Natasha
  1386 | D:2      | Killed Natasha
  1387 | D:2      | Reached skill level 5 in Dodging
  1387 | D:2      | Reached XP level 4. HP: 12/23 MP: 5/5
  1479 | D:2      | Noticed Natasha
  1499 | D:2      | Killed Natasha
  1500 | D:2      | Reached skill level 4 in Stealth
  1914 | D:3      | Reached XP level 5. HP: 24/27 MP: 6/6
  1951 | D:3      | Reached skill level 5 in Short Blades
  2012 | D:3      | Found a hazy altar of Hepliaklqana.
  2253 | D:3      | Found a glowing silver altar of Zin.
  2286 | D:3      | Reached skill level 5 in Stealth
  2439 | D:3      | Found Judon's Jewellery Boutique.
  2806 | D:4      | Found Muwayc Celi's Armour Emporium.
  2963 | D:4      | Reached *** piety under Trog
  2964 | D:4      | Reached skill level 6 in Stealth
  2964 | D:4      | Reached XP level 6. HP: 4/32 MP: 7/7
  3511 | D:4      | Reached skill level 7 in Stealth
  3597 | D:4      | Reached XP level 7. HP: 14/35 MP: 8/8
  3830 | D:4      | Found a staircase to the Ecumenical Temple.
  3839 | Temple   | Entered the Ecumenical Temple
  4023 | D:5      | Entered Level 5 of the Dungeon
  4251 | D:5      | Reached skill level 8 in Stealth
  4381 | D:5      | HP: 2/52 [water moccasin (3)]
  4643 | D:5      | Noticed Eustachio
  4647 | D:5      | Killed Eustachio
  4648 | D:5      | Reached skill level 9 in Stealth
  4654 | D:5      | Noticed Blork the orc
  5091 | D:5      | Reached XP level 8. HP: 39/39 MP: 9/9
  5125 | D:5      | Noticed Grinder
  5137 | D:5      | Killed Grinder
  5138 | D:5      | Reached skill level 10 in Stealth
  5359 | D:5      | Killed Blork the orc
  5833 | D:6      | Reached **** piety under Trog
  5941 | D:6      | Reached skill level 1 in Throwing
  6086 | D:6      | Reached skill level 1 in Shields
  6664 | D:6      | Reached XP level 9. HP: 30/43 MP: 10/10
  8581 | D:8      | Reached skill level 10 in Short Blades
  8793 | D:8      | Found a sparkling altar of Nemelex Xobeh.
  8981 | D:8      | Found an iron altar of Okawaru.
  9066 | D:8      | Found an opulent altar of Gozag.
  9260 | D:8      | Reached skill level 5 in Fighting
  9260 | D:8      | Reached skill level 5 in Throwing
  9276 | D:8      | Reached skill level 1 in Evocations
  9276 | D:8      | Reached XP level 10. HP: 29/51 MP: 11/11
  9340 | D:8      | Reached ***** piety under Trog
  9726 | D:8      | Identified the +7 flail "Cyiweim" {flame, Will++ Str+2}
 10312 | D:8      | Reached skill level 5 in Shields
 10312 | D:8      | Reached skill level 5 in Evocations
 10500 | D:9      | Received a gift from Trog
 10840 | D:9      | Found a staircase to the Orcish Mines.
 10881 | D:9      | Noticed a cyclops
 10910 | D:9      | Killed a cyclops
 11999 | D:10     | Entered Level 10 of the Dungeon
 12001 | D:10     | Reached skill level 10 in Evocations
 12042 | D:10     | Reached skill level 1 in Shapeshifting
 12188 | D:10     | Noticed Snorg
 12196 | D:10     | Killed Snorg
 12197 | D:10     | Reached XP level 11. HP: 41/55 MP: 12/12
 12428 | D:10     | Reached skill level 11 in Stealth
 12858 | D:10     | Noticed a two-headed ogre
 12867 | D:10     | Killed a two-headed ogre
 12955 | D:10     | Reached skill level 12 in Stealth
 12955 | D:10     | Reached skill level 5 in Shapeshifting
 13592 | D:10     | HP: 2/55 [efreet/+0 scimitar of flaming (1)]
 13810 | D:11     | Found a staircase to the Lair.
 13820 | D:11     | Noticed a boulder beetle
 13854 | D:11     | Killed a boulder beetle
 13855 | D:11     | Reached skill level 13 in Stealth
 14838 | D:11     | Identified a scroll of acquirement
 14839 | D:11     | Acquired a manual of Shapeshifting
 15064 | Lair:1   | Entered Level 1 of the Lair of Beasts
 15064 | Lair:1   | Noticed a boulder beetle
 15070 | Lair:1   | Killed a boulder beetle
 15071 | Lair:1   | Reached skill level 14 in Stealth
 15204 | Lair:1   | Noticed a seven-headed hydra
 15210 | Lair:1   | Noticed a six-headed hydra
 15214 | Lair:1   | Killed a seven-headed hydra
 15223 | Lair:1   | Killed a six-headed hydra
 15327 | Lair:1   | Found the +1 robe of Vines {NoPotionHeal Regen++++}
 15334 | Lair:1   | Noticed an oklob plant
 15468 | Lair:1   | Reached skill level 10 in Shapeshifting
 15555 | Lair:1   | Reached skill level 15 in Stealth
 15555 | Lair:1   | Reached XP level 12. HP: 53/60 MP: 13/13
 15762 | Lair:1   | Received a gift from Trog
 16425 | Lair:2   | HP: 2/60 [poisoned by a black mamba]
 16426 | Lair:2   | Slain by a black mamba

Illustrated notes

Levels and vault maps discovered:
D:1:      hellmonk_arrival_library, layout_basic, ebering_ecumenical_altar_mist,
          minivault_19, hex_intersection
D:2:      layout_basic, basic_altar, uniq_natasha, uniq_jessica
D:3:      layout_basic, lemuel_tele_altar, general_overflow_altar, serial_shops,
          shop, serial_rivers, chequers_serial_rivers_large_b,
          chequers_serial_rivers_marsh, chequers_serial_rivers_micro_c,
          chequers_serial_rivers_small_3, chequers_serial_rivers_micro_c,
          chequers_serial_rivers_micro_d
D:4:      layout_gridville, minmay_temple_entry_glassed_door, serial_shops,
          nicolae_shop_advertising_works [nicolae_subvault_shop_adworks]
D:5:      layout_loops_ring, kennysheep_small_square, uniq_grinder,
          uniq_blork_the_orc, uniq_eustachio
D:6:      layout_loops_ring, chequers_serial_rivers_large_a
D:7:      layout_basic
D:8:      layout_gridville, mainiacjoe_overflow_catch_the_wave,
          nemelex_xobeh_ov_fountains_minmay, special_room [special_room_orc],
          nicolae_titane
D:9:      layout_gridville, erik_orc_4, serial_ice, serial_ice_a, serial_ice_b,
          serial_ice_d, serial_ice_m
D:10:     layout_gridville, uniq_snorg
D:11:     layout_loops_corners, lair_entry_dummy, hangedman_decor_points,
          hive_lemuel
Temple:   bh_familiar_temple
Lair:1:   layout_loops_ring, hellmonk_guarded_unrand_vines
Lair:2:   beast_lair_carwin_large_1, layout_small_grid,
          minmay_snake_entry_six_corridors, uniq_harold

Skill      XL: |  1  2  3  4  5  6  7  8  9 10 11 12 |
---------------+-------------------------------------+-----
Stealth        | 1 2 3 4 6 7 9 10 15 | 15.0
Short Blades   | 4 5 6 7 9 10 | 10.8
Dodging        | 5 |  5.0
Throwing       | 2 5 |  5.0
Shields        | 1 4 5 |  5.0
Fighting       | 3 5 |  5.0
Evocations     | 1 10 | 10.0
Shapeshifting  | 3 10 12 | 12.1

Action                     |  1- 3 |  4- 6 |  7- 9 | 10-12 || total
---------------------------+-------+-------+-------+-------++-------
  Melee: Short sword       |   102 |       |   119 |   895 ||  1116
         Dagger            |    30 |   334 |   509 |       ||   873
         Hand axe          |       |       |    66 |       ||    66
         Scimitar          |       |       |       |    11 ||    11
         Flail             |       |       |       |     2 ||     2
         Quick blade       |       |       |       |    90 ||    90
  Throw: Dart              |       |       |     2 |    16 ||    18
 Invoke: Berserk           |       |     1 |     3 |     2 ||     6
         Trog's Hand       |       |       |     1 |     1 ||     2
  Evoke: Wand              |       |       |     6 |     9 ||    15
    Use: Potion            |       |       |     2 |     4 ||     6
         Scroll            |       |       |       |    22 ||    22
   Stab: Sleeping          |     2 |     4 |    20 |    20 ||    46
         Distracted        |       |       |     1 |     3 ||     4
 Armour: Animal skin       |    34 |    80 |    39 |       ||   153
         Robe              |       |       |   107 |    13 ||   120
         Steam dragon scal |       |       |    11 |   193 ||   204
  Dodge: Dodged            |    80 |   163 |   344 |   424 ||  1011
  Block: Buckler           |    14 |    38 |    85 |   134 ||   271

Action                     |  1- 3 |  4- 6 |  7- 9 | 10-12 || total
---------------------------+-------+-------+-------+-------++-------
  Melee: Short sword       |   102 |       |   119 |   895 ||  1116
         Dagger            |    30 |   334 |   509 |       ||   873
         Hand axe          |       |       |    66 |       ||    66
         Scimitar          |       |       |       |    11 ||    11
         Flail             |       |       |       |     2 ||     2
         Quick blade       |       |       |       |    90 ||    90
  Throw: Dart              |       |       |     2 |    16 ||    18
 Invoke: Berserk           |       |     1 |     3 |     2 ||     6
         Trog's Hand       |       |       |     1 |     1 ||     2
  Evoke: Wand              |       |       |     6 |     9 ||    15
    Use: Potion            |       |       |     2 |     4 ||     6
         Scroll            |       |       |       |    22 ||    22
   Stab: Sleeping          |     2 |     4 |    20 |    20 ||    46
         Distracted        |       |       |     1 |     3 ||     4
 Armour: Animal skin       |    34 |    80 |    39 |       ||   153
         Robe              |       |       |   107 |    13 ||   120
         Steam dragon scal |       |       |    11 |   193 ||   204
  Dodge: Dodged            |    80 |   163 |   344 |   424 ||  1011
  Block: Buckler           |    14 |    38 |    85 |   134 ||   271

Levels and vault maps discovered:
D:1:      hellmonk_arrival_library, layout_basic, ebering_ecumenical_altar_mist,
          minivault_19, hex_intersection
D:2:      layout_basic, basic_altar, uniq_natasha, uniq_jessica
D:3:      layout_basic, lemuel_tele_altar, general_overflow_altar, serial_shops,
          shop, serial_rivers, chequers_serial_rivers_large_b,
          chequers_serial_rivers_marsh, chequers_serial_rivers_micro_c,
          chequers_serial_rivers_small_3, chequers_serial_rivers_micro_c,
          chequers_serial_rivers_micro_d
D:4:      layout_gridville, minmay_temple_entry_glassed_door, serial_shops,
          nicolae_shop_advertising_works [nicolae_subvault_shop_adworks]
D:5:      layout_loops_ring, kennysheep_small_square, uniq_grinder,
          uniq_blork_the_orc, uniq_eustachio
D:6:      layout_loops_ring, chequers_serial_rivers_large_a
D:7:      layout_basic
D:8:      layout_gridville, mainiacjoe_overflow_catch_the_wave,
          nemelex_xobeh_ov_fountains_minmay, special_room [special_room_orc],
          nicolae_titane
D:9:      layout_gridville, erik_orc_4, serial_ice, serial_ice_a, serial_ice_b,
          serial_ice_d, serial_ice_m
D:10:     layout_gridville, uniq_snorg
D:11:     layout_loops_corners, lair_entry_dummy, hangedman_decor_points,
          hive_lemuel
Temple:   bh_familiar_temple
Lair:1:   layout_loops_ring, hellmonk_guarded_unrand_vines
Lair:2:   beast_lair_carwin_large_1, layout_small_grid,
          minmay_snake_entry_six_corridors, uniq_harold
